[Event "Prague Festival Open 2022"]
[Site "Prague"]
[Date "2022.06.16"]
[Round "8.3"]
[White "Garriga Cazorla, Pere"]
[Black "Petr, Martin"]
[Result "1/2-1/2"]
[ECO "B38"]
[WhiteElo "2495"]
[BlackElo "2488"]
[Annotator "TA"]
[PlyCount "113"]
[EventDate "2022.06.10"]
[EventType "swiss"]
[EventCountry "CZE"]
[SourceTitle "playchess.com"]
[Source "ChessBase"]
[SourceQuality "1"]
[TimeControl "40/5400+30:1800+30"]

1. Nf3 Nf6 2. c4 g6 3. Nc3 Bg7 4. e4 c5 5. d4 cxd4 6. Nxd4 d6 7. Be2 Nc6 8. Be3 O-O 9. O-O Nxd4 10. Bxd4 Bd7 $1 {[%emt 0:00:02] 10...Bd7 scores better than 10...Be6.} 11. h3 Bc6 12. Qc2 {[%emt 0:00:06] B38: Sicilian: Maroczy Bind with 5...Bg7 and 7...0-0.} Nd7 13. Bxg7 Kxg7 14. Rad1 {[%emt 0:13:47] White is slightly better.} a6 15. b4 {[%emt 0:13:45] And now b5 would win.} b6 {[%emt 0:00:28] [#]} 16. Bg4 $146 ({Predecessor:} 16. Rfe1 Rc8 17. Bf1 Bb7 18. Qb2 Kg8 19. Nd5 e6 20. Ne3 Qe7 21. Qd4 Rfd8 22. Qxd6 {½-½ (50) Pichot,A (2625)-Shyam,N (2442) Chess.com INT 2021}) 16... Nf6 17. e5 Nxg4 18. hxg4 Qc8 (18... b5 $14) 19. Qe2 dxe5 20. Qxe5+ Kg8 21. Rd4 Ra7 22. f3 Qc7 23. Qe3 {[%emt 0:03:20] White is much more active. The black rooks are badly placed.} b5 (23... Raa8 $142) 24. Rc1 (24. Rfd1 $16) 24... e5 $14 25. Rd2 bxc4 26. Nd5 Bxd5 27. Rxd5 Rb7 28. Rc5 Qb8 29. a3 Rb5 30. R1xc4 Rd8 31. g5 Rd1+ 32. Kf2 {[%emt 0:00:25] [#] Black must now prevent Rc8+.} Qd6 $1 33. a4 (33. Rc6 $14 {deserves consideration.} Qd2+ 34. Qxd2 Rxd2+ 35. Kg3) 33... Rd2+ (33... Rxc5 $11 34. bxc5 Qd5) 34. Kg1 Rd1+ 35. Kh2 $1 Rb8 (35... Rxc5 $1 $14 36. Qxc5 Qxc5 37. bxc5 Rd7) 36. Qxe5 Qxe5+ 37. Rxe5 $16 {[%emt 0:00:06][%mdl 4096] Endgame KRR-KRR} Rb1 38. Ra5 (38. Rc6 $16) 38... R1xb4 $14 39. Rxb4 Rxb4 40. Rxa6 {[%emt 0:00:04] Hoping for a5. KR-KR} Kg7 41. Ra7 h6 $1 42. gxh6+ Kxh6 43. g3 Kg7 44. f4 Rb2+ 45. Kh3 Ra2 46. Kh4 Ra3 47. g4 Rf3 ({Better is} 47... Kf6 $14) 48. Kg5 $16 Ra3 (48... Rc3 $142 49. a5 Rc1) 49. Ra6 $2 (49. a5 $18) 49... Ra1 {[%emt 0:00:00] [#]} ({Black should try} 49... Rc3 $14) 50. a5 (50. Kh4 $1 $16) 50... Ra2 $2 (50... f6+ $1 $11 51. Kh4 Ra4) 51. f5 gxf5 (51... Rc2 $142 52. fxg6 Rc5+ 53. Kh4 f6) 52. gxf5 $2 (52. Kxf5 $18 {Threatens to win with Ra8.} Rf2+ 53. Ke5) 52... f6+ $11 {[%emt 0:00:00] The position is equal.} 53. Kh5 {[%emt 0:00:00] White wants to mate with Ra7+.} Rh2+ $1 54. Kg4 Ra2 55. Ra8 Kh6 56. Rh8+ Kg7 57. Ra8 {[%emt 0:09:58] Weighted Error Value: White=0.31/Black=0.32} 1/2-1/2

[Event "Prague Festival Open 2022"]
[Site "Prague"]
[Date "2022.06.16"]
[Round "8.4"]
[White "Wagner, Dennis"]
[Black "Kozak, Antoni"]
[Result "1/2-1/2"]
[ECO "E04"]
[WhiteElo "2586"]
[BlackElo "2459"]
[Annotator "TA"]
[PlyCount "139"]
[EventDate "2022.06.10"]
[EventType "swiss"]
[EventCountry "CZE"]
[SourceTitle "playchess.com"]
[Source "ChessBase"]
[SourceQuality "1"]
[TimeControl "40/5400+30:1800+30"]

1. d4 d5 2. c4 e6 3. Nf3 Nf6 4. g3 dxc4 5. Bg2 Bb4+ 6. Bd2 a5 7. Qc2 {[%emt 0:00:05] E04: Open Catalan: 5 Nf3.} Bxd2+ 8. Qxd2 c6 9. Ne5 b5 $1 {[%emt 0:02:49] [#]} 10. Nc3 $146 ({Predecessor:} 10. a4 Ra6 11. Nc3 Bd7 12. Nxd7 Qxd7 13. axb5 cxb5 14. Qg5 O-O 15. Qxb5 Qxd4 16. O-O {½-½ (27) Postny,E (2615)-Anand,V (2773) St Petersburg 2018}) 10... Nd5 11. b3 cxb3 12. axb3 Bb7 13. O-O {[%emt 0:16:24][%cal Bh1f1,Bf1c1,Bc1c5][%mdl 1056] White has compensation.} O-O 14. Ne4 Ra7 15. Nc5 b4 16. Rfc1 Ba6 17. Nxa6 Rxa6 18. Rc5 Nc3 19. e3 (19. Bxc6 $2 f6 20. Bb7 Ra7 $19) (19. Nxc6 Nxc6 20. Bxc6 Qxd4 $3 21. Qxd4 Nxe2+ 22. Kf1 Nxd4 $17) 19... a4 20. bxa4 (20. Bxc6 $2 f6 21. Bb7 fxe5 $19) (20. Nxc6 Nxc6 21. Bxc6 a3 $17) 20... Nxa4 (20... Rxa4 $142 21. Rxa4 Nxa4) 21. Nxc6 $2 {[%emt 0:10:11] 0x0.000860fb7113dp-1022s more active pieces. The black rooks are badly placed.} (21. Rcc1 $1 $16) 21... Nxc6 $11 22. Rxc6 Rxc6 23. Bxc6 Nc3 24. Qb2 Qd6 (24... Qb6 $5 25. Bf3 g6 $15) 25. Bf3 (25. Ra6 $5 ) 25... e5 (25... g6 $11) 26. dxe5 $16 Qxe5 {[%emt 0:00:03][%cal Oc3e2] Strongly threatening ...Ne2+!} 27. Kg2 ({And not} 27. Qxb4 Ne2+ $1 28. Bxe2 Qxa1+ 29. Kg2 g6 $17) ({White should try} 27. Ra7 $16) 27... Rb8 28. Qb3 h6 29. Ra6 Ne4 30. Ra7 Kh8 31. Qxf7 Ng5 $1 32. Qf4 Nxf3 33. Kxf3 $11 {[%emt 0:00:02][%mdl 4096] Endgame KQR-KQR} Qd5+ 34. e4 Qg8 (34... Qd3+ $1 $11 35. Kg2 Re8) 35. Qe5 $14 Rb6 36. Kg2 b3 37. Qb2 $1 Qf8 38. Rd7 (38. e5 $16) 38... Qf6 $11 39. Rd2 Qe6 (39... Qxb2 $11 40. Rxb2 g5) 40. e5 (40. Qd4 $16) 40... Qc6+ 41. f3 Rb8 42. g4 Qc4 43. Rd1 Ra8 {[%emt 0:05:14] aiming for ...Ra2.} 44. Kg3 Rf8 {[%emt 0:03:42] And now ...Qf4+ would win.} 45. Kg2 Rc8 46. Kg3 Rf8 {[%emt 0:05:59] Threatens to win with ...Qf4+.} 47. Kg2 Rb8 48. Re1 Kg8 49. Re4 Qe6 (49... Qd3 $5 ) 50. Kg3 Rb5 51. h4 h5 52. gxh5 Rc5 53. Qd4 Rd5 {[%emt 0:00:54] [#]} (53... Rc2 $2 54. Qe3 $18 (54. Qd6 Rc6 $16)) ({Black should play} 53... Rc8 $14) 54. Qc3 $2 (54. Qc4 $1 $18 ) 54... Qb6 {[%emt 0:01:33] White must now prevent ...b2.} 55. Re1 {[%emt 0:00:37] Qc4 is the strong threat.} b2 56. Rb1 Qb8 (56... Rb5 $11) 57. Rxb2 $16 ({Don't play} 57. Qxb2 Qxb2 58. Rxb2 Rxe5 $16) 57... Qxe5+ 58. Qxe5 Rxe5 {[%emt 0:00:02] KR-KR} 59. Kg4 Kh7 60. Rb6 Re1 61. f4 (61. Ra6 $16) 61... Rg1+ $11 {[%emt 0:01:35] The position is equal.} 62. Kf5 Ra1 63. Rb8 Rh1 64. h6 g6+ $1 65. Kg5 {[%emt 0:00:22] White threatens Rb7+ and mate.} Rg1+ 66. Kf6 Rg4 67. f5 gxf5 68. Kxf5 Rxh4 69. Kg5 Rh5+ 70. Kxh5 {[%emt 0:03:06] Weighted Error Value: White=0.17 (very precise) /Black=0.20 (precise)} 1/2-1/2

[Event "Prague Festival Open 2022"]
[Site "Prague"]
[Date "2022.06.16"]
[Round "8.5"]
[White "Seemann, Jakub"]
[Black "Stefansson, Hannes"]
[Result "0-1"]
[ECO "E46"]
[WhiteElo "2363"]
[BlackElo "2534"]
[Annotator "TA"]
[PlyCount "106"]
[EventDate "2022.06.10"]
[EventType "swiss"]
[EventCountry "CZE"]
[SourceTitle "playchess.com"]
[Source "ChessBase"]
[SourceQuality "1"]
[TimeControl "40/5400+30:1800+30"]

1. d4 Nf6 2. c4 e6 3. Nc3 Bb4 4. e3 O-O 5. Bd2 b6 6. Bd3 Bb7 {[%emt 0:01:14] [#] E46: Nimzo-Indian: Rubinstein: 4 e3 0-0 5 Ne2 without early Bd3.} 7. Nh3 $146 ({White should play} 7. Nf3 $11) ({Predecessor:} 7. Nf3 d6 8. Qc2 c5 9. a3 Bxc3 10. Bxc3 Nbd7 11. O-O Rc8 12. Rfd1 Qe7 13. Rac1 Rfd8 14. b4 cxd4 15. Nxd4 Ne5 16. Nb5 Nxd3 17. Qxd3 Ne4 18. Bb2 Qh4 19. Qe2 {0-1 (63) Akobian,V (2600)-Martinez Alcantara,J (2598) Saint Louis 2022}) 7... d5 ({Black should try} 7... Bxg2 $15 8. Rg1 Bxh3) 8. cxd5 $11 exd5 {[%emt 0:00:10] The position is equal.} 9. Nf4 Bd6 10. Qf3 Bxf4 11. Qxf4 Re8 12. O-O (12. Nb5 {seems wilder.} Na6 13. O-O Nh5 14. Qf3) 12... Ba6 13. Bxa6 Nxa6 14. Rac1 Qd7 15. f3 Nb4 16. Qg3 Nd3 17. Rc2 c5 18. dxc5 bxc5 19. Ne2 Rac8 20. Bc3 {[%emt 0:12:39] [#] Inhibits d4. aiming for Bxf6.} Qe6 21. Kh1 (21. Bxf6 $11 Qxf6 22. Nf4) 21... Qf5 22. Bxf6 Qxf6 23. Nf4 Qf5 {[%emt 0:01:14] Black is more active.} 24. Qg4 Qxg4 25. fxg4 Nxf4 26. exf4 {[%emt 0:00:02][%mdl 4096] Endgame KRR-KRR} Re4 27. g3 Kf8 28. Rd1 d4 29. Rc4 a5 {[%emt 0:03:43] next ...Re2 is good for Black.} 30. a3 $1 Ke7 31. b4 $1 Kd6 {[%emt 0:00:23] Threatens to win with ...Kd5.} 32. Rdc1 (32. bxc5+ $11 {was the only way to keep the balance.} Kd5 33. Ra4) 32... Re2 (32... axb4 33. axb4 Re2 34. Rxc5 Rxc5 35. bxc5+ Kc6 36. Kg1 $15) ({Better is} 32... Re3 $17 {Strongly threatening ...d3.} 33. Kg2 Rxa3 34. bxc5+ Kd5) 33. Rxd4+ $1 $15 cxd4 34. Rxc8 axb4 35. axb4 {[%emt 0:00:03] KR-KR} Kd5 {[%emt 0:00:31] And now ...d3 would win.} 36. Kg1 $1 d3 37. Kf1 $1 Kd4 38. Rc7 {[%emt 0:06:59][%mdl 8192] This costs White the game.} (38. b5 $11) 38... Re8 ({Stronger than} 38... Rxh2 39. Ke1 $11) (38... Re4 $142 {White must now prevent ...d2.} 39. Rd7+ (39. Rxf7 $2 d2 $19) 39... Kc3 40. Rc7+ (40. b5 $2 d2 $19) 40... Kxb4 41. Rb7+ Kc3 42. Rc7+ Rc4 43. Rxf7 d2) 39. Rxf7 {[%emt 0:02:23] [#]} (39. Rd7+ $142 Kc3 40. Rc7+ Kxb4 41. Rd7) 39... d2 $1 $19 40. Rd7+ $2 (40. Kf2 $19 Re1 41. Rxg7 (41. Rd7+ $2 Kc3 $19)) 40... Kc3 {[%emt 0:00:05] Black mates.} 41. Kf2 Re1 (41... Kc2 42. Rc7+ Kb1 43. Rd7 $17) 42. Kf3 d1=Q+ 43. Rxd1 Rxd1 {[%emt 0:00:09] KR-KP} 44. Ke4 Kxb4 45. Ke5 Re1+ 46. Kd6 Re2 47. g5 g6 48. h4 Rg2 49. f5 gxf5 50. Ke5 Rxg3 51. Kxf5 Rh3 52. Kg4 Rh1 53. h5 Kc5 {[%emt 0:00:00] Weighted Error Value: White=0.27 (precise) /Black=0.14 (very precise)} 0-1

[Event "Prague Festival Open 2022"]
[Site "Prague"]
[Date "2022.06.16"]
[Round "8.6"]
[White "Alsina Leal, Daniel"]
[Black "Raja Harshit"]
[Result "1-0"]
[ECO "B92"]
[WhiteElo "2508"]
[BlackElo "2479"]
[Annotator "TA"]
[PlyCount "59"]
[EventDate "2022.06.10"]
[EventType "swiss"]
[EventCountry "CZE"]
[SourceTitle "playchess.com"]
[Source "ChessBase"]
[SourceQuality "1"]
[TimeControl "40/5400+30:1800+30"]

1. e4 c5 2. Nf3 d6 3. d4 cxd4 4. Nxd4 Nf6 5. Nc3 a6 6. Be2 e5 7. Nb3 Be7 8. Be3 Be6 9. Nd5 Nbd7 10. Qd3 Bxd5 11. exd5 Rc8 {[%emt 0:06:14] is now debated instead of 11...0-0.} 12. c4 {[%emt 0:03:21] B92: Sicilian Najdorf: 6 Be2.} a5 13. a4 O-O 14. O-O {[%emt 0:00:13] The position is equal.} Ne8 15. Bg4 e4 16. Qe2 {[%emt 0:04:55] 0x0.00222900cd2cdp-1022s more active pieces. The black rooks are badly placed.} f5 $2 {[%emt 0:08:53] [#]} (16... g6 $14) 17. Nd4 $5 $146 {[%emt 0:04:30][%mdl 8] aiming for Ne6. An interesting novelty.} ({Predecessor:} 17. Bh3 g6 18. Bd2 Ra8 19. Nd4 Nc5 20. Nb5 Bf6 21. Be3 Nc7 22. Nc3 N7a6 23. Kh1 {½-½ (46) Bilguun,S (2486)-Bhambure,S (2382) Moscow 2020}) 17... Ne5 (17... fxg4 $2 18. Ne6) (17... Nc5 18. Bxf5) 18. Bxf5 Rxc4 19. Bxe4 Qb6 20. Rad1 {[%emt 0:19:47] Threatens to win with f4.} ({Less strong is} 20. Qh5 Nf6 21. Qh4 g6 $16) 20... Bg5 (20... Qa6 21. f4 (21. Qh5 Nf6 $18) 21... Rxd4 22. Qxa6 bxa6 23. Bxd4 Nd7) 21. Bxg5 {[%emt 0:11:13] Ne6 is the strong threat. A strong pair of Bishops. White is clearly winning.} Rxd4 {[%emt 0:00:07] [#]} 22. Bxh7+ Kxh7 23. Be3 {[%emt 0:00:22][%mdl 64] Skewer} Rxd1 24. Bxb6 Rxf1+ 25. Kxf1 Nf6 26. Bd4 Re8 27. Qc2+ Kg8 28. h3 Kh8 29. Qc7 Ne4 30. g3 {[%emt 0:03:22] White took control after the opening.  Weighted Error Value: White=0.17 (very precise) /Black=0.77} 1-0

[Event "Prague Festival Open 2022"]
[Site "Prague"]
[Date "2022.06.16"]
[Round "8.7"]
[White "Sankalp Gupta"]
[Black "Hrbek, Stepan"]
[Result "1-0"]
[ECO "D32"]
[WhiteElo "2505"]
[BlackElo "2303"]
[Annotator "TA"]
[PlyCount "77"]
[EventDate "2022.06.10"]
[EventType "swiss"]
[EventCountry "CZE"]
[SourceTitle "playchess.com"]
[Source "ChessBase"]
[SourceQuality "1"]
[TimeControl "40/5400+30:1800+30"]

1. Nf3 Nf6 2. c4 e6 3. Nc3 d5 4. e3 c5 5. cxd5 exd5 6. d4 a6 7. Be2 Nc6 8. O-O Bd6 9. dxc5 Bxc5 10. b3 O-O 11. Bb2 Ba7 12. Rc1 Qd6 13. Rc2 Bf5 {[%emt 0:15:35] D32: Tarrasch Defence: Sidelines and lines without g3.} 14. Rd2 Rad8 15. Qa1 {[%emt 0:00:33][%cal Oc3d5] [#]} h6 $146 {[%emt 0:00:11] [#] The position is equal.} ({Predecessor:} 15... Rfe8 16. Rfd1 Qe6 17. Re1 h6 18. Bd1 d4 19. Nb1 dxe3 20. fxe3 Rxd2 21. Nfxd2 Bxe3+ {0-1 (39) Banas,J (2410)-Hardicsay,P (2365) Hungary 1995}) 16. Nxd5 $1 Nxd5 17. Bxg7 {[%emt 0:00:13] With the idea Bc4.} Rfe8 {[%emt 0:08:19] [#]} (17... Be4 $11 18. Bxf8 Qxf8) 18. Rxd5 $1 $16 {[%emt 0:02:32] Dancing on a razor blade.} Qxd5 19. Bh8 $1 Nd4 20. Nxd4 $40 {[%emt 0:04:05][%mdl 128] White wants a kill.} Kxh8 21. Ne6+ (21. Nxf5+ $16 Qe5 22. Nxh6 Qxa1 23. Rxa1) 21... Bd4 $1 $14 22. Nxd4 {[%emt 0:00:06] aiming for Ne6+.} ({Avoid the trap} 22. Qxd4+ $2 Qxd4 23. Nxd4 Rxd4 $1 $19 ) 22... Kg8 23. Rd1 Be4 24. Bf1 Rd6 {[%emt 0:04:44] [#]} (24... Qg5 $14) 25. Nf5 $1 $18 Bxf5 26. Rxd5 Rxd5 27. h4 Red8 28. Be2 {[%emt 0:02:21] Inhibits Rd1+.} Bd3 29. Bxd3 Rxd3 {[%emt 0:00:06][%mdl 4096] Endgame KQ-KRR} 30. Qf6 R8d6 31. Qf5 Rd1+ 32. Kh2 R1d2 33. a4 Rg6 34. g4 Rb2 $2 (34... Re6) 35. Qc8+ Kh7 {[%emt 0:00:08] [#]} 36. Kg3 ({Not} 36. Qxb7 Rxf2+ 37. Kg3 Rf1 $16) 36... Rb6 $2 (36... Rb1 37. Qxb7 Rg1+ 38. Kh2 R1xg4 39. Qxf7+ Kh8 40. Qe8+ Rg8 41. Qe5+ R8g7) 37. Qf5+ $2 (37. Qc7 Rf6 38. f4) 37... Kg8 38. Qc8+ $2 (38. Qd5 R2xb3 39. a5) 38... Kh7 39. Qc7 {[%emt 0:01:09][%csl LRb6,LRf7] Weighted Error Value: White=0.34/Black=0.32} 1-0

[Event "Prague Festival Open 2022"]
[Site "Prague"]
[Date "2022.06.16"]
[Round "8.8"]
[White "Hilby, Craig"]
[Black "Stremavicius, Titas"]
[Result "0-1"]
[ECO "B15"]
[WhiteElo "2420"]
[BlackElo "2508"]
[Annotator "TA"]
[PlyCount "218"]
[EventDate "2022.06.10"]
[EventType "swiss"]
[EventCountry "CZE"]
[SourceTitle "playchess.com"]
[Source "ChessBase"]
[SourceQuality "1"]
[TimeControl "40/5400+30:1800+30"]

1. e4 c6 2. d4 d5 3. Nc3 dxe4 4. Nxe4 Nf6 5. Nxf6+ exf6 6. c3 Bd6 7. Bd3 O-O 8. Ne2 Re8 9. Qc2 {[%emt 0:00:11] B15: Caro-Kann: 3 Nc3: 3...g6 and 3...dxe4 4 Nxe4 Nf6 5 Nxf6+ exf6.} h5 10. O-O Nd7 11. Ng3 {[%emt 0:03:48] White is slightly better.} Bxg3 12. hxg3 Nf8 13. Be3 Bg4 {[%emt 0:09:16] [#]} 14. b4 $146 ({Predecessor:} 14. Rae1 Qd7 15. f3 Be6 16. Re2 Rad8 17. Rd1 f5 18. b3 Ng6 19. Kf2 Ne7 20. Rh1 {½-½ (57) Grudina,M (1756)-Tsitou,D Opatija 2014}) 14... b5 15. a4 a6 16. c4 Qd7 (16... bxc4 $14 17. Qxc4 (17. Bxc4 Ne6 $14) 17... Bd7) 17. Ra3 (17. axb5 $16 axb5 18. cxb5 cxb5 19. Ra5) 17... Rac8 (17... bxc4 $11 18. Bxc4 (18. Qxc4 Be6 $11) 18... Bf5) 18. Rc1 $16 Qb7 19. Qa2 bxc4 20. Qxc4 Be6 21. Qc5 (21. Qxa6 $14 Qxb4 22. Raa1) 21... Bd5 $11 22. Qa5 Ra8 23. Bc4 Ne6 24. Bxd5 cxd5 25. Rac3 Rab8 26. Rc6 (26. Rb3 {is more complex.} Ra8 27. b5 axb5 28. Qxb5 Qa7 29. Qxd5 Qxa4 30. Rd3) 26... Qxb4 27. Qxd5 Qxa4 28. Qxh5 Nxd4 29. Rxf6 Ne2+ $1 ({But not} 29... gxf6 30. Qg4+ Kf8 31. Bxd4 $16) 30. Qxe2 gxf6 31. Rc4 $1 {[%emt 0:00:29] Qg4+ would kill now.} Qa1+ 32. Kh2 {[%emt 0:00:13] White threatens Rg4+ and mate.} f5 {[%emt 0:00:02] Inhibits Rg4+.} 33. Qh5 (33. Qc2 $1 $15 Rb1 34. Bc1) 33... Qh8 $1 $19 34. Bh6 (34. Qxh8+ {was called for.} Kxh8 35. g4) 34... Rb6 $1 35. Rh4 Rg6 {[%emt 0:00:46] Prevents Qg5.} 36. Qxf5 $2 (36. g4 fxg4 37. Rxg4 Qe5+ 38. Qxe5 Rxe5 39. Rh4) 36... Qf6 $2 ({Not} 36... Qe5 37. Qc2 $11) (36... Qxh6 $19 37. Qd7 Qf8) 37. Qxf6 (37. Qd7 $11 {keeps the balance.} Rd8 38. Qh3) 37... Rxf6 $11 {[%emt 0:00:02][%mdl 4096] Endgame KRR-KRB} 38. Be3 Rf5 39. g4 Rd5 40. g5 Red8 41. Rc4 (41. Bc1 $15 {should be considered.}) 41... a5 $17 42. f4 Ra8 43. Ra4 Kf8 (43... Rb8 $142 $1 {[%cal Rb8b4] aiming for ...Rb4.} 44. Ra2 Rb3) 44. Bd4 Ke7 45. Kg3 Kd6 ({Black should try} 45... Rb8 $1 $17 {White must now prevent ...Rb4.} 46. Rc4 Kd7) 46. Kg4 $1 $15 Kc6 {[%emt 0:00:00] ...Kb5 is the strong threat.} 47. Bf6 Kb5 ({Better is} 47... Rd6 $17 48. f5 Kb5) 48. Re4 $1 $11 a4 49. Re7 a3 {[%emt 0:00:00] White should prevent ...a2.} 50. Rxf7 a2 {[%emt 0:00:00] Black wants to play ...Rd6.} 51. Rc7 Rd1 {[%emt 0:00:00][%mdl 1024] Black has compensation.} 52. f5 $2 (52. g3 $11) 52... Ra4+ $19 53. Kh3 Rd3+ (53... Rf1 $142 54. g4 Ra3+ 55. Kg2 Rf4) 54. g3 Raa3 $1 55. Rc1 Rxg3+ 56. Kh4 Rh3+ (56... Rg2 $19 {has better winning chances.} 57. Rf1 Rh2+ 58. Kg4 Ra4+ 59. Kf3 Rh3+ 60. Kg2 Raa3) 57. Kg4 $17 Rag3+ (57... Rhb3 $1 $17 58. Rf1 Rb1) 58. Kf4 $15 Rf3+ 59. Ke4 $1 Re3+ 60. Kf4 $1 Rhf3+ 61. Kg4 Rf2 62. Ra1 $1 Kc4 {[%emt 0:01:43] Black is more active.} (62... Re4+ $15 63. Kg3 Ree2) 63. Rc1+ $2 (63. g6 $11) 63... Kb4 $17 {[%emt 0:00:50] And now ...Re4+ would win.} 64. Ra1 (64. g6 $17 {was necessary.}) 64... Kb3 {[%emt 0:00:53] Strongly threatening ...Re4+.} ({Inferior is} 64... Re4+ 65. Kg3 Ree2 66. Be7+ Kc4 67. g6) 65. g6 Re4+ 66. Kg5 {[%emt 0:00:38] [#]} Rg2+ $1 67. Kh6 Rf4 68. Rh1 Rxf5 69. Ba1 Kc2 {[%emt 0:04:09] Hoping for ...Rb5.} 70. g7 Rb5 (70... Rfg5 $17 71. Kh7 Kd3) 71. Bd4 $2 (71. Rh5 $15 Rb1 72. Be5) 71... Rb4 72. Be5 {[%emt 0:00:20] [#]} Rb1 $1 73. Rh5 Rb5 $2 (73... Re1 74. Bd4 Kd3 75. Rh4 a1=Q 76. Bxa1 Rxa1 77. Kh7 Ra7 78. Kh8 Ra8+ 79. Kh7 Ke3 80. Rh6 Ra7 81. Rg6 Rh2+ 82. Kg8 Rh5 83. Kf8 Rf5+ 84. Ke8 Rc5 85. Rg3+ Kf4 86. Rg4+ Kf3 87. Rg3+ Ke4 88. Rg4+ Kd3 89. Rg3+ Ke4 90. Rg4+ Kd3 91. Rg3+ Ke4) 74. Bd4 $2 (74. Ba1 $17 Rb1 75. Bd4) 74... Rb4 $2 (74... Rxh5+ {mates} 75. Kxh5 Kd3 76. Ba1 Rg1 77. Bb2 Ke4 78. Kh6 Kf5 79. Kh7 Rh1+ 80. Kg8 Kg6 81. Kf8 Rf1+ 82. Ke8 Kh7 83. Kd7 a1=Q 84. Bxa1 Rxa1 85. Ke6 Rh1 86. Kf6 Kg8 87. Kf5 Re1 88. Kf6 Re2 89. Kg5 Kxg7 90. Kf4 Kf6 91. Kf3 Re7 92. Kg4 Re4+ 93. Kf3 Kf5 94. Kg3 Rf4 95. Kh3 Rg4 96. Kh2 Kf4 97. Kh3 Kf3 98. Kh2 Rh4+ 99. Kg1 Rh5 100. Kf1 Rh1#) 75. Be5 $2 (75. Rg5 $17 Rh2+ 76. Rh5 Rxh5+ 77. Kxh5 Rxd4 78. g8=Q) 75... Rbg4 $2 (75... Re4 $19 {[%cal Oe4e5] and Black stays clearly on top. ( -> ...Rxe5!)} 76. Ba1 Reg4) 76. Rh1 Re4 77. Ba1 Rb4 78. Be5 Rb1 $2 (78... Rbg4 $17 79. Kh7 Kd3) 79. Rh3 $2 (79. Rh5 $11 Rbg1 80. Kh7 Rxg7+ 81. Bxg7 Rxg7+ 82. Kxg7 a1=Q+ 83. Kf7) 79... Rbg1 {[%emt 0:00:20] Black mates.} 80. Rc3+ Kd2 81. Rh3 Rg6+ 82. Kh7 {[%emt 0:00:25] [#]} Rxg7+ $3 83. Bxg7 {[%emt 0:00:06] [#]} (83. Kh8 Ra7) 83... Rxg7+ $1 {[%emt 0:00:03][%mdl 576] Remove Defender, Promotion} 84. Kxg7 a1=Q+ {[%emt 0:00:06] KQ-KR} 85. Kg6 Qe5 86. Rf3 Qe4+ 87. Rf5 Ke3 88. Kf6 Qc6+ 89. Kg5 Qe6 90. Rb5 Qg8+ 91. Kf6 Qf8+ 92. Kg5 Ke4 93. Rb1 Qf5+ 94. Kh6 Qa5 95. Rg1 Kf4 96. Rf1+ Ke5 97. Rg1 Qd2+ 98. Kg6 Ke6 99. Rg4 Qd5 100. Kh6 Qf3 101. Rg5 Qh3+ 102. Kg6 Qh4 103. Ra5 Qf6+ 104. Kh5 Qf3+ 105. Kg6 Qd3+ 106. Kh5 Kf6 107. Kh4 Qe4+ 108. Kh5 Qe2+ 109. Kh4 Qe1+ {[%emt 0:00:06] Weighted Error Value: White=0.37/Black=0.28 (precise)} 0-1

[Event "Prague Festival Open 2022"]
[Site "Prague"]
[Date "2022.06.16"]
[Round "8.9"]
[White "Garcia Ramos, Daniel"]
[Black "Mladek, Richard"]
[Result "1-0"]
[ECO "A13"]
[WhiteElo "2441"]
[BlackElo "2361"]
[Annotator "TA"]
[PlyCount "89"]
[EventDate "2022.06.10"]
[EventType "swiss"]
[EventCountry "CZE"]
[SourceTitle "playchess.com"]
[Source "ChessBase"]
[SourceQuality "1"]
[TimeControl "40/5400+30:1800+30"]

1. c4 e6 2. Nf3 d5 3. g3 d4 4. Bg2 Nc6 5. O-O Nh6 6. d3 {[%emt 0:09:16] A13: English Opening: 1...e6.} Nf5 7. Na3 {[%emt 0:00:25] [#]} Bxa3 $146 ({Predecessor:} 7... Be7 8. Nc2 O-O 9. Rb1 a5 10. b3 e5 11. a3 f6 12. b4 axb4 13. axb4 Be6 {0-1 (40) Tomashevsky,E (2714)-Buhmann,R (2589) Berlin 2018}) 8. bxa3 {[%emt 0:00:06] The position is equal.} O-O 9. Rb1 Rb8 10. e4 dxe3 11. fxe3 e5 12. Qe2 Nfe7 13. Bb2 Ng6 14. Nd2 Bd7 15. h4 h6 16. Bc3 (16. d4 $14) 16... Re8 17. a4 Qc8 18. a5 a6 {[%emt 0:07:40] [#]} (18... Bh3 $11 {remains equal.}) 19. Bd5 {[%emt 0:01:57] This bishop pair is nice.} (19. Qf2 $1 $16 f6 20. d4) 19... Be6 $14 20. Qf3 Bxd5 (20... Nge7 $11) 21. cxd5 $16 (21. Qxd5 Re7 $11) 21... Nd8 22. Rbc1 $36 {[%emt 0:04:11][%mdl 2048] White is really pushing.} Qd7 23. Nc4 f6 24. Bb4 (24. Qh5 $142 Nf8 25. e4) 24... Nf7 (24... e4 $142 25. dxe4 Nf7) 25. e4 Ne7 26. Rf2 (26. Qh5 {with more complications.} Qh3 27. Rc2 Rbd8 28. Rb2) 26... Nc8 27. Rfc2 {[%emt 0:00:44] White is much more active. The black rooks are badly placed.} Na7 (27... Rd8 $16) 28. Ne3 $18 Rbc8 $2 (28... Nb5 $16) 29. Nf5 {[%emt 0:00:52] Qg4 is the strong threat.} Kh7 30. Qg4 Rg8 {[%emt 0:00:42] [#]} 31. Nxh6 $1 Qxg4 32. Nxg4 c6 33. Bc5 Nb5 34. a4 Nbd6 35. Bxd6 Nxd6 36. dxc6 Rgd8 37. cxb7 Rxc2 38. Rxc2 Nxb7 {[%emt 0:00:09][%mdl 4096] Endgame KRN-KRN} 39. Rc7 Rxd3 40. Nxf6+ ({Weaker is} 40. Rxb7 Rxg3+ 41. Kf2 Rxg4 $17) 40... Kg6 41. Ne8 (41. Rxb7 gxf6 42. Kf2 Rd4 $16) 41... Rxg3+ 42. Kh2 Rb3 43. Rxg7+ Kh6 44. Rg3 (44. Rg5 $18 {and White stays clearly on top.}) 44... Rb4 $2 (44... Nxa5 $16 {was necessary.} 45. Rg5 Nc4) 45. Nf6 {[%emt 0:00:00] Weighted Error Value: White=0.25 (precise) /Black=0.37} 1-0